 Dungeon Crawl Stone Soup version 0.31-a0-963-ga325b2283a (webtiles) character file.

Game seed: 7423609637798278099

203 Ekaitz the Gusty (level 5, -1/30 HPs)
             Began as a Tengu Air Elementalist on Oct 24, 2023.
             Succumbed to Crazy Yiuf's poison
             ... on level 2 of the Dungeon.
             The game lasted 00:05:04 (2674 turns).

Ekaitz the Gusty (Tengu Air Elementalist)           Turns: 2674, Time: 00:05:05

Health: -1/30      AC:  2    Str:  9    XL:     5   Next: 81%
Magic:  6/10       EV: 13    Int: 17    God:
Gold:   107        SH:  0    Dex: 14    Spells: 1/9 levels left

rFire   . . .        g - +2 dagger (venom)
rCold   . . .        (no shield)
rNeg    . . .        a - +0 robe
rPois   .            (helmet restricted)
rElec   .            (no cloak)
rCorr   .            (no gloves)
SInv    .            (boots unavailable)
Will    +....        (no amulet)
Stlth   ++           (no ring)
HPRegen 0.25/turn    (no ring)
MPRegen 0.12/turn

%: acrobat
@: brilliant, lethally poisoned (-1 -> -5), on berserk cooldown, enlightened,
flying, slowed, very slow
A: beak, talons 3, acrobatic
a: no special abilities


You were on level 2 of the Dungeon.
You visited 1 branch of the dungeon, and saw 2 of its levels.

You collected 107 gold pieces.

Inventory:

Hand Weapons
 c - a +4 quarterstaff of chaos
 g - a +2 dagger of venom (weapon)
 i - a +2 dagger of speed
Armour
 a - a +0 robe (worn)
 r - a +0 cloak
Talismans
 e - a beast talisman
Wands
 o - a wand of digging (6)
 s - a wand of flame (27)
Scrolls
 d - a scroll of teleportation {unknown}
 f - a scroll of enchant armour {unknown}
 h - 3 scrolls of noise {unknown}
 k - a scroll of silence {unknown}
 n - 2 scrolls of identify {unknown}
 p - a scroll of revelation {unknown}
Potions
 b - 2 potions of magic
 l - a potion of ambrosia {unknown}
 m - a potion of heal wounds {unknown}
 q - a potion of curing {unknown}


   Skills:
 * Level 1.7 Fighting
 + Level 1.4 Short Blades
 * Level 3.0 Dodging
 + Level 2.3 Stealth
 + Level 2.9 Spellcasting
 + Level 2.0 Conjurations
 * Level 5.4 Air Magic
 + Level 0.5 Poison Magic
 * Level 0.7 Evocations


You had one spell level left.
You knew the following spells:

 Your Spells              Type           Power      Damage    Failure   Level
a - Shock                 Conj/Air       88%        1d8       3%          1
b - Static Discharge      Conj/Air       44%        3-5/arc   6%          2
e - Poisonous Vapours     Pois/Air       38%        N/A       8%          2
s - Swiftness             Air            31%        N/A       5%          3

Your spell library contained the following spells:

 Spells                   Type           Power      Damage    Failure   Level
 Mephitic Cloud           Conj/Pois/Air  17%        N/A       17%         3
 Airstrike                Air            15%        2d(3-19)  19%         4
 Hailstorm                Conj/Ice       9%         3d4       34%         3
 Ozocubu's Armour         Ice            3%         N/A       47%         3
 Summon Ice Beast         Ice/Summ       3%         N/A       87%         4
 Freezing Cloud           Conj/Ice/Air   8%         6-21      87%         5
 Metabolic Englaciation   Hex/Ice        1%         N/A       99%         5
 Simulacrum               Ice/Necr       1%         N/A       100%        6


Dungeon Overview and Level Annotations

Branches:
Dungeon (2/15)

Altars:
The Shining One


Innate Abilities, Weirdness & Mutations

You have a beak for a mouth.
You have claws for feet.
You can magically evade attacks while moving or waiting.


Message History

Crazy Yiuf hits you with a +4 quarterstaff of chaos!
You are lethally poisoned!
Unknown command.
Unknown command.
Unknown command.
Casting: Static Discharge (safe; 6% risk of failure)
Confirm with . or Enter, or press ? or * to list all spells.
Crazy Yiuf is struck by an arc of lightning.
You kill Crazy Yiuf!
You are struck by an arc of lightning.
* * * LOW HITPOINT WARNING * * *
You feel very sick.
Your Dodging skill increases to level 3!
Unknown command.
It was a potion of enlightenment.
You feel very buoyant.
You fly up into the air.
* * * LOW HITPOINT WARNING * * *
You feel very sick.
It was a potion of berserk rage.
A red film seems to cover your vision as you go berserk!
You feel yourself moving faster!
You feel mighty!
* * * LOW HITPOINT WARNING * * *
You feel sick.
You feel a strong urge to attack something.
* * * LOW HITPOINT WARNING * * *
You feel sick.
Items here: ) / [ †.
c - a +4 quarterstaff of chaos;
r - a +0 cloak;
s - a wand of flame (27)
* * * LOW HITPOINT WARNING * * *
You feel sick.
You feel your anger nearly subside.
You are no longer berserk.
You are exhausted.
You feel yourself slow down.
* * * LOW HITPOINT WARNING * * *
You feel sick.
Unknown command.
It was a potion of brilliance.
You feel clever all of a sudden.
You die...

.#####.#...#
♣♣...♣ #.##.
.# #.#####
♣♣.♣♣ #.##.
.# #.# ♣♣.♣
#.##. .# #.#
♣.♣♣ #.##.
'#####.#
♣♣.♣ #.#..
.....#.#
♣.♣♣ #....
.......#
##'## #..#.
.....###
#...# #..#.
......#
#.@.#
####.##.
....#.######
#)†.#
####....##.
#...#......#
#####
...........
#...########
###..##.###
#...# ###
....# #.#
#...# #.#
#### #.#
#...#
######.# #.#
###.#
#......# #.#
#.# #.######
###.###


There were no monsters in sight!

Vanquished Creatures
  Crazy Yiuf (D:2)
  Natasha (thrice) (D:2)
  2 adders (D:2)
  2 worms (D:2)
  2 dart slugs
  6 ball pythons (D:2)
  5 bats
  5 endoplasms
  A giant cockroach (D:2)
  11 goblins
  9 hobgoblins
  4 jackals
  3 quokkas
  2 frilled lizards
  3 kobolds
  4 rats
63 creatures vanquished.

Notes
Turn   | Place    | Note
-------+----------+-------------------------------------------
     0 | D:1      | Ekaitz the Tengu Air Elementalist began the quest for the
                  | Orb.
     0 | D:1      | Reached XP level 1. HP: 10/10 MP: 4/4
   350 | D:1      | Reached XP level 2. HP: 16/16 MP: 0/6
   353 | D:1      | Learned a level 2 spell: Static Discharge
   449 | D:1      | Learned a level 2 spell: Poisonous Vapours
  1196 | D:2      | Reached XP level 3. HP: 20/20 MP: 7/7
  1261 | D:2      | Reached skill level 1 in Fighting
  1447 | D:2      | Reached skill level 1 in Short Blades
  1447 | D:2      | Reached XP level 4. HP: 25/25 MP: 2/8
  1541 | D:2      | Noticed Natasha
  1613 | D:2      | Killed Natasha
  1663 | D:2      | Found a glowing golden altar of the Shining One.
  1746 | D:2      | Noticed Natasha
  1756 | D:2      | Killed Natasha
  1757 | D:2      | Reached skill level 5 in Air Magic
  1757 | D:2      | Reached XP level 5. HP: 26/29 MP: 2/10
  1761 | D:2      | Learned a level 3 spell: Swiftness
  2194 | D:2      | Noticed Natasha
  2202 | D:2      | Killed Natasha
  2658 | D:2      | Found a runed translucent door.
  2659 | D:2      | Noticed Crazy Yiuf
  2668 | D:2      | Killed Crazy Yiuf
  2673 | D:2      | HP: 1/30 [poisoned by Crazy Yiuf]
  2674 | D:2      | Succumbed to Crazy Yiuf's poison

Illustrated notes

Levels and vault maps discovered:
D:1:      minmay_arrival_three_doors, layout_basic, minmay_misc_feat_pillars
D:2:      cheibrodos_greedy_goblins, layout_basic, basic_altar, uniq_natasha,
          uniq_crazy_yiuf_cottage

Skill      XL: |  1  2  3  4  5 |
---------------+----------------+-----
Fighting       | 1 |  1.7
Short Blades   | 1 |  1.4
Air Magic      | 5 |  5.4
Conjurations   | 2 |  2.0
Dodging        | 3 |  3.0
Stealth        | |  2.3
Spellcasting   | |  2.9
Poison Magic   | |  0.5
Evocations     | |  0.7

Action                     |  1- 3 |  4- 6 || total
---------------------------+-------+-------++-------
  Melee: Dagger            |    16 |     9 ||    25
         Peck              |     3 |     3 ||     6
         Kick              |     2 |     2 ||     4
   Cast: Shock             |    43 |    39 ||    82
         Poisonous Vapours |     2 |     9 ||    11
         Static Discharge  |       |     2 ||     2
    Use: Potion            |       |     3 ||     3
   Stab: Sleeping          |     2 |     1 ||     3
 Armour: Robe              |    10 |     8 ||    18
  Dodge: Dodged            |     8 |     9 ||    17

Table legend: (Time is in decaauts)
 A = Elapsed time spent in this place.
 B = Non-inter-level travel time spent in this place.
 C = Inter-level travel time spent in this place.
 D = Time resting spent in this place.
 E = Time spent auto-exploring this place.
 F = Levels seen in this place.
 G = Mean time per level.
                   A        B        C        D        E       F      G
               +--------+--------+--------+--------+--------+-----+--------+
         Total |   2671 |   2658 |     13 |     99 |   2231 |   2 | 1335.5 |
       Dungeon |   2671 |   2658 |     13 |     99 |   2231 |   2 | 1335.5 |
               +--------+--------+--------+--------+--------+-----+--------+

Top non-repeatable levels by time:
     D:2: 1549 daAuts
     D:1: 1122 daAuts
